General information
- name: BNet
- type: Ladder team game (AT/RT)
- host: Battle.net
- saver: kunt.roII
map: FullScaleAssault
- players: 8
- length: 81:32
- speed: Fast
- version: 1.21 W3XP
- replay type: Public
» download(698 KB)
Players
team 1 (loser)

»
LOSS_BOT (
teal | 131 APM | 10700 actions | 81:27)
10 Priestess of the Moon
3 Trueshot Aura
3 Scout
1 Starfall
3 Searing Arrows
» actions
| Assign group hotkey | 81 | |
| Basic commands | 401 | |
| Build / train | 97 | |
| ESC pressed | 4 | |
| Enter build submenu | 23 | |
| Enter hero's abilities submenu | 10 | |
| Give item / drop item | 1 | |
| Right click | 4172 | |
| Select / deselect | 954 | |
| Select group hotkey | 4590 | |
| Use ability | 367 | |
10700 total
» units
| Wisp | 23 | |
| Huntress | 1 | |
| Archer | 11 | |
| Glaive Thrower | 2 | |
| Druid of the Talon | 12 | |
| Mountain Giant | 2 | |
| Blue Dragon | 7 | |
| Dryad | 1 | |
59 total
» upgrades
| Strength of the Moon | 1 | |
| Nature's Blessing | 1 | |
| Improved Bows | 1 | |
| Druid of the Talon Training | 2 | |
| Hardened Skin | 1 | |
| Resistant Skin | 1 | |
| Marksmanship | 1 | |
| Mark of the Talon | 1 | |
| Reinforced Hides | 1 | |
| Ultravision | 1 | |
11 total
» buildings
| Altar of Elders | 1 | |
| Moon Well | 7 | |
| Hunter's Hall | 1 | |
| Ancient of War | 2 | |
| Tree of Ages | 1 | |
| Ancient of Wind | 2 | |
| Tree of Eternity | 1 | |
| Ancient of Lore | 2 | |
| Ancient of Wonders | 1 | |
| Tree of Life | 2 | |
20 total
» build order
00:03 Altar of Elders
00:19 Moon Well
01:44 Hunter's Hall
01:49 Ancient of War
02:10 Ancient of War
02:30 Moon Well
02:51 Moon Well
05:48 Moon Well
05:56 Tree of Ages
08:40 Ancient of Wind
09:51 Moon Well
10:24 Moon Well
14:28 Tree of Eternity
14:32 Ancient of Lore
14:32 Ancient of Lore
14:41 Ancient of Wonders
15:56 Moon Well
17:57 Tree of Life
19:07 Tree of Life
19:45 Ancient of Wind
» items
| Boots of Speed | 1 | |
| Potion of Lesser Invulnerability | 1 | |
| Scroll of Healing | 1 | |
| Scroll of Protection | 1 | |
| Scroll of Town Portal | 1 | |
| Staff of Teleportation | 1 | |
6 total
LOSS_BOT3 (
purple | 90 APM | 7364 actions | 81:25)
7 Archmage
1 Summon Water Elemental
2 Brilliance Aura
3 Blizzard
1 Mass Teleport
5 Blood Mage
3 Flame Strike
2 Siphon Mana
5 Pit Lord
3 Rain of Fire
2 Cleaving Attack
» actions
| Assign group hotkey | 46 | |
| Basic commands | 277 | |
| Build / train | 234 | |
| ESC pressed | 11 | |
| Enter build submenu | 93 | |
| Enter hero's abilities submenu | 17 | |
| Give item / drop item | 5 | |
| Remove unit from queue | 1 | |
| Right click | 2166 | |
| Select / deselect | 1172 | |
| Select group hotkey | 2902 | |
| Use ability | 437 | |
7364 total
» units
| Peasant | 53 | |
| Footman | 11 | |
| Siege Engine | 6 | |
| Goblin Zeppelin | 12 | |
| Dragonhawk Rider | 9 | |
| Flying Machine | 23 | |
114 total
» upgrades
| Masonry | 3 | |
| Lumber Harvesting | 2 | |
| Magic Sentry | 1 | |
| Defend | 1 | |
| Gunpowder | 3 | |
| Plating | 3 | |
| Swords | 3 | |
| Armor | 3 | |
| Cloud | 1 | |
| Barrage | 1 | |
| Flak Cannons | 1 | |
| Flying Machine Bombs | 1 | |
23 total
» buildings
| Altar of Kings | 3 | |
| Barracks | 1 | |
| Farm | 11 | |
| Town Hall | 4 | |
| Arcane Vault | 3 | |
| Scout Tower | 58 | |
| Lumber Mill | 4 | |
| Arcane Tower | 2 | |
| Keep | 1 | |
| Guard Tower | 42 | |
| Blacksmith | 1 | |
| Arcane Sanctum | 1 | |
| Workshop | 3 | |
| Castle | 1 | |
| Gryphon Aviary | 3 | |
| Cannon Tower | 1 | |
139 total
» build order
00:06 Altar of Kings
00:20 Barracks
00:34 Farm
00:50 Farm
01:33 Farm
03:12 Town Hall
03:26 Arcane Vault
03:56 Scout Tower
03:58 Scout Tower
04:20 Lumber Mill
04:25 Arcane Tower
04:30 Lumber Mill
04:32 Arcane Tower
05:00 Scout Tower
05:06 Scout Tower
05:11 Keep
05:14 Scout Tower
05:15 Scout Tower
05:47 Scout Tower
05:48 Scout Tower
05:48 Scout Tower
05:51 Guard Tower
05:52 Scout Tower
05:53 Scout Tower
05:55 Scout Tower
05:57 Scout Tower
06:01 Guard Tower
06:01 Scout Tower
06:06 Guard Tower
06:09 Farm
06:11 Farm
06:11 Farm
06:12 Farm
06:44 Guard Tower
06:46 Guard Tower
06:48 Guard Tower
06:50 Scout Tower
06:51 Scout Tower
06:51 Scout Tower
07:09 Guard Tower
07:09 Blacksmith
07:22 Guard Tower
07:25 Scout Tower
07:58 Guard Tower
07:58 Scout Tower
08:00 Guard Tower
08:01 Scout Tower
08:04 Arcane Sanctum
08:28 Guard Tower
08:31 Scout Tower
08:34 Workshop
08:36 Guard Tower
08:38 Scout Tower
08:39 Scout Tower
08:41 Guard Tower
09:00 Guard Tower
09:01 Scout Tower
09:41 Guard Tower
09:43 Scout Tower
09:48 Guard Tower
09:49 Scout Tower
09:52 Farm
09:55 Castle
10:21 Farm
10:23 Farm
10:26 Guard Tower
10:26 Scout Tower
10:31 Scout Tower
10:31 Scout Tower
10:41 Workshop
11:02 Guard Tower
11:05 Scout Tower
11:14 Guard Tower
11:19 Scout Tower
11:26 Workshop
12:06 Guard Tower
12:07 Scout Tower
12:11 Guard Tower
12:11 Scout Tower
12:14 Guard Tower
12:55 Guard Tower
12:58 Guard Tower
13:27 Scout Tower
13:29 Scout Tower
14:02 Guard Tower
14:10 Lumber Mill
14:11 Guard Tower
14:22 Arcane Vault
14:24 Arcane Vault
17:31 Scout Tower
17:55 Scout Tower
17:56 Scout Tower
17:57 Scout Tower
17:59 Guard Tower
18:02 Scout Tower
19:06 Guard Tower
19:06 Scout Tower
19:38 Guard Tower
19:39 Scout Tower
19:46 Guard Tower
20:54 Guard Tower
22:28 Scout Tower
22:28 Scout Tower
22:59 Guard Tower
23:00 Scout Tower
23:01 Scout Tower
23:32 Guard Tower
23:34 Guard Tower
23:34 Scout Tower
23:48 Gryphon Aviary
23:50 Gryphon Aviary
23:51 Gryphon Aviary
23:55 Scout Tower
23:58 Scout Tower
24:16 Guard Tower
24:27 Guard Tower
24:27 Scout Tower
24:31 Guard Tower
24:31 Scout Tower
24:51 Farm
25:00 Guard Tower
25:04 Lumber Mill
39:07 Town Hall
46:28 Town Hall
47:00 Scout Tower
47:34 Cannon Tower
47:57 Scout Tower
47:58 Scout Tower
47:59 Scout Tower
48:01 Scout Tower
48:02 Scout Tower
48:25 Guard Tower
48:25 Guard Tower
48:30 Guard Tower
48:31 Guard Tower
57:07 Scout Tower
68:07 Town Hall
73:31 Altar of Kings
80:31 Altar of Kings
» items
| Scroll of Regeneration | 4 | |
| Tome of Retraining | 1 | |
| Staff of Teleportation | 3 | |
| Potion of Invisibility | 2 | |
| Staff of Sanctuary | 5 | |
| Scroll of Town Portal | 4 | |
| Boots of Speed | 2 | |
| Potion of Lesser Invulnerability | 2 | |
23 total
Merlandox (
pink | 160 APM | 13070 actions | 81:31)
7 Death Knight
3 Death Coil
2 Unholy Aura
1 Animate Dead
1 Death Pact
6 Lich
3 Frost Nova
2 Frost Armor
1 Death and Decay
» actions
| Assign group hotkey | 37 | |
| Basic commands | 100 | |
| Build / train | 112 | |
| ESC pressed | 2 | |
| Enter build submenu | 35 | |
| Enter hero's abilities submenu | 13 | |
| Give item / drop item | 9 | |
| Right click | 6411 | |
| Select / deselect | 876 | |
| Select group hotkey | 5178 | |
| Use ability | 295 | |
13070 total
» units
| Acolyte | 23 | |
| Ghoul | 3 | |
| Crypt Fiend | 9 | |
| Frost Wyrm | 10 | |
| Obsidian Statue | 5 | |
50 total
» upgrades
| Web | 1 | |
| Creature Attack | 3 | |
| Burrow | 1 | |
| Freezing Breath | 1 | |
| Creature Carapace | 3 | |
| Destroyer Form | 1 | |
10 total
» buildings
| Crypt | 1 | |
| Graveyard | 2 | |
| Altar of Darkness | 1 | |
| Ziggurat | 24 | |
| Tomb of Relics | 1 | |
| Nerubian Tower | 2 | |
| Spirit Tower | 17 | |
| Halls of the Dead | 3 | |
| Sacrificial Pit | 1 | |
| Black Citadel | 1 | |
| Boneyard | 2 | |
| Slaughterhouse | 2 | |
57 total
» build order
00:09 Crypt
00:11 Graveyard
00:42 Altar of Darkness
01:00 Ziggurat
01:26 Tomb of Relics
01:57 Nerubian Tower
02:11 Ziggurat
04:10 Ziggurat
04:50 Spirit Tower
05:46 Halls of the Dead
06:58 Ziggurat
06:59 Ziggurat
07:01 Spirit Tower
07:59 Spirit Tower
08:43 Ziggurat
08:44 Ziggurat
10:03 Sacrificial Pit
10:11 Spirit Tower
10:11 Spirit Tower
10:18 Spirit Tower
11:47 Black Citadel
14:12 Boneyard
14:12 Boneyard
15:05 Graveyard
16:49 Ziggurat
16:50 Ziggurat
16:52 Ziggurat
17:02 Ziggurat
17:31 Ziggurat
17:43 Spirit Tower
17:55 Spirit Tower
18:29 Ziggurat
18:32 Ziggurat
18:40 Ziggurat
18:53 Ziggurat
20:19 Spirit Tower
20:19 Spirit Tower
20:20 Spirit Tower
21:07 Ziggurat
21:07 Ziggurat
22:01 Spirit Tower
22:02 Spirit Tower
24:15 Ziggurat
24:16 Ziggurat
24:17 Ziggurat
24:43 Spirit Tower
25:48 Nerubian Tower
26:18 Spirit Tower
26:20 Spirit Tower
46:06 Ziggurat
56:12 Slaughterhouse
56:14 Slaughterhouse
78:31 Ziggurat
78:33 Ziggurat
» items
| Rod of Necromancy | 2 | |
| Dust of Appearance | 3 | |
| Orb of Corruption | 1 | |
| Scroll of Town Portal | 2 | |
| Sacrificial Skull | 1 | |
| Staff of Teleportation | 2 | |
| Potion of Lesser Invulnerability | 2 | |
13 total
Meteorite (
green | 49 APM | 4007 actions | 81:29)
5 Tauren Chieftain
2 Endurance Aura
3 Shockwave
» actions
| Assign group hotkey | 40 | |
| Basic commands | 60 | |
| Build / train | 138 | |
| Enter build submenu | 46 | |
| Enter hero's abilities submenu | 5 | |
| Remove unit from queue | 4 | |
| Right click | 1392 | |
| Select / deselect | 617 | |
| Select group hotkey | 1548 | |
| Use ability | 157 | |
4007 total
» units
| Peon | 5 | |
| Grunt | 2 | |
| Goblin Shredder | 1 | |
| Tauren | 11 | |
| Spirit Walker | 8 | |
| Troll Batrider | 25 | |
| Troll Witch Doctor | 18 | |
| Demolisher | 18 | |
| Raider | 10 | |
98 total
» upgrades
| Melee Weapons | 3 | |
| Spirit Walker Training | 2 | |
| Pulverize | 1 | |
| Armor | 3 | |
| Witch Doctor Training | 2 | |
| Ranged Weapons | 3 | |
| Liquid Fire | 1 | |
| Burning Oil | 1 | |
| Ensnare | 1 | |
| Pillage | 1 | |
18 total
» buildings
| Altar of Storms | 1 | |
| Orc Burrow | 9 | |
| Barracks | 1 | |
| Stronghold | 2 | |
| War Mill | 1 | |
| Watch Tower | 23 | |
| Fortress | 1 | |
| Voodoo Lounge | 1 | |
| Tauren Totem | 1 | |
| Spirit Lodge | 1 | |
| Great Hall | 1 | |
| Beastiary | 1 | |
43 total
» build order
00:09 Altar of Storms
00:14 Orc Burrow
00:44 Barracks
03:11 Stronghold
03:17 War Mill
03:35 Orc Burrow
04:40 Watch Tower
04:47 Watch Tower
04:55 Watch Tower
05:02 Watch Tower
05:34 Fortress
05:48 Voodoo Lounge
06:18 Orc Burrow
07:08 Watch Tower
08:46 Orc Burrow
09:14 Tauren Totem
09:23 Spirit Lodge
09:31 Watch Tower
10:43 Watch Tower
10:51 Watch Tower
11:51 Watch Tower
11:54 Watch Tower
11:58 Watch Tower
14:24 Watch Tower
14:28 Watch Tower
14:38 Watch Tower
15:14 Great Hall
15:26 Orc Burrow
16:24 Orc Burrow
17:10 Orc Burrow
18:12 Orc Burrow
18:45 Watch Tower
19:09 Watch Tower
19:46 Watch Tower
21:07 Watch Tower
21:10 Watch Tower
22:45 Beastiary
24:43 Watch Tower
24:57 Watch Tower
25:01 Watch Tower
26:18 Watch Tower
39:39 Orc Burrow
» items
| Potion of Healing | 2 | |
| Lesser Clarity Potion | 2 | |
4 total
team 2 (winner)
bia-bia-bia (
blue | 60 APM | 4880 actions | 81:32)
10 Blademaster
3 Wind Walk
3 Critical Strike
1 Bladestorm
3 Mirror Image
» actions
| Assign group hotkey | 26 | |
| Basic commands | 53 | |
| Build / train | 139 | |
| ESC pressed | 3 | |
| Enter build submenu | 137 | |
| Enter hero's abilities submenu | 10 | |
| Give item / drop item | 15 | |
| Right click | 2709 | |
| Select / deselect | 838 | |
| Select group hotkey | 428 | |
| Use ability | 521 | |
4880 total
» units
| Peon | 35 | |
| Grunt | 3 | |
| Goblin Shredder | 1 | |
| Goblin Zeppelin | 4 | |
| Troll Batrider | 38 | |
81 total
» upgrades
| Ranged Weapons | 3 | |
| Liquid Fire | 1 | |
| Troll Regeneration | 1 | |
| Armor | 1 | |
| Reinforced Defenses | 1 | |
| Spiked Barricades | 2 | |
9 total
» buildings
| Altar of Storms | 2 | |
| Orc Burrow | 5 | |
| War Mill | 1 | |
| Watch Tower | 118 | |
| Barracks | 1 | |
| Voodoo Lounge | 2 | |
| Great Hall | 6 | |
| Stronghold | 2 | |
| Fortress | 1 | |
| Beastiary | 8 | |
146 total
» build order
00:10 Altar of Storms
00:15 Orc Burrow
00:49 War Mill
01:52 Orc Burrow
02:02 Watch Tower
02:31 Watch Tower
02:56 Barracks
03:09 Watch Tower
03:38 Watch Tower
03:43 Orc Burrow
04:23 Voodoo Lounge
04:58 Great Hall
06:01 Stronghold
06:03 Watch Tower
07:16 Watch Tower
07:38 Watch Tower
07:39 Watch Tower
07:39 Watch Tower
10:06 Watch Tower
10:07 Watch Tower
10:09 Watch Tower
10:16 Fortress
10:17 Beastiary
10:18 Beastiary
11:13 Watch Tower
11:15 Watch Tower
11:16 Watch Tower
11:25 Watch Tower
12:04 Beastiary
12:19 Watch Tower
12:21 Great Hall
12:24 Great Hall
12:27 Watch Tower
12:55 Watch Tower
12:57 Watch Tower
12:58 Watch Tower
13:07 Watch Tower
13:07 Watch Tower
13:08 Watch Tower
13:24 Watch Tower
13:27 Great Hall
13:34 Watch Tower
13:34 Watch Tower
13:35 Watch Tower
14:02 Watch Tower
14:03 Watch Tower
14:28 Watch Tower
15:49 Watch Tower
15:49 Watch Tower
15:51 Watch Tower
16:07 Watch Tower
16:08 Watch Tower
16:12 Watch Tower
16:12 Watch Tower
17:24 Watch Tower
18:22 Watch Tower
18:40 Watch Tower
18:56 Watch Tower
18:58 Watch Tower
18:59 Watch Tower
19:00 Watch Tower
19:03 Watch Tower
19:04 Watch Tower
19:36 Watch Tower
19:38 Watch Tower
19:53 Watch Tower
20:08 Watch Tower
20:10 Watch Tower
20:11 Watch Tower
20:26 Watch Tower
20:27 Watch Tower
21:00 Watch Tower
21:02 Watch Tower
21:05 Watch Tower
21:11 Watch Tower
22:19 Watch Tower
22:20 Watch Tower
22:24 Watch Tower
22:24 Watch Tower
22:30 Watch Tower
22:35 Watch Tower
22:36 Watch Tower
22:59 Watch Tower
23:02 Watch Tower
23:10 Watch Tower
23:56 Watch Tower
23:58 Watch Tower
24:06 Watch Tower
25:03 Watch Tower
25:12 Watch Tower
25:20 Watch Tower
25:38 Watch Tower
26:13 Watch Tower
28:20 Watch Tower
28:21 Watch Tower
28:30 Watch Tower
28:32 Watch Tower
28:36 Watch Tower
28:42 Watch Tower
29:31 Watch Tower
36:08 Watch Tower
36:10 Watch Tower
36:11 Watch Tower
37:13 Watch Tower
37:15 Watch Tower
37:17 Watch Tower
38:31 Watch Tower
38:33 Watch Tower
38:34 Watch Tower
39:53 Watch Tower
39:54 Watch Tower
39:55 Watch Tower
41:02 Watch Tower
41:03 Watch Tower
41:04 Watch Tower
42:07 Watch Tower
42:09 Watch Tower
42:10 Watch Tower
43:19 Watch Tower
44:29 Watch Tower
44:31 Watch Tower
44:33 Watch Tower
46:01 Watch Tower
46:02 Watch Tower
46:03 Watch Tower
47:11 Watch Tower
47:12 Watch Tower
47:14 Watch Tower
48:19 Watch Tower
48:21 Watch Tower
48:24 Watch Tower
49:28 Watch Tower
49:30 Watch Tower
49:31 Watch Tower
55:14 Stronghold
55:15 Beastiary
55:17 Beastiary
56:20 Orc Burrow
56:32 Orc Burrow
58:08 Altar of Storms
62:14 Great Hall
69:06 Great Hall
73:23 Beastiary
73:24 Beastiary
73:30 Beastiary
76:42 Voodoo Lounge
» items
| Boots of Speed | 1 | |
| Staff of Teleportation | 1 | |
| Healing Salve | 4 | |
| Orb of Lightning | 1 | |
| Tiny Great Hall | 3 | |
| Lesser Clarity Potion | 12 | |
| Potion of Mana | 8 | |
| Potion of Healing | 1 | |
| Scroll of Town Portal | 3 | |
34 total
GobinersAlt (
red | 42 APM | 3410 actions | 81:32)
7 Blademaster
3 Wind Walk
3 Critical Strike
1 Bladestorm
» actions
| Assign group hotkey | 91 | |
| Basic commands | 34 | |
| Build / train | 98 | |
| ESC pressed | 2 | |
| Enter build submenu | 71 | |
| Enter hero's abilities submenu | 7 | |
| Give item / drop item | 6 | |
| Right click | 1430 | |
| Select / deselect | 561 | |
| Select group hotkey | 689 | |
| Use ability | 421 | |
3410 total
» units
| Peon | 28 | |
| Troll Batrider | 32 | |
| Goblin Shredder | 1 | |
| Goblin Zeppelin | 1 | |
62 total
» upgrades
| Spiked Barricades | 4 | |
| Ranged Weapons | 3 | |
| Liquid Fire | 1 | |
| Armor | 3 | |
| Reinforced Defenses | 1 | |
| Troll Regeneration | 1 | |
13 total
» buildings
| Altar of Storms | 2 | |
| Orc Burrow | 20 | |
| War Mill | 2 | |
| Watch Tower | 40 | |
| Stronghold | 2 | |
| Voodoo Lounge | 3 | |
| Fortress | 1 | |
| Beastiary | 10 | |
| Guard Tower | 3 | |
| Great Hall | 3 | |
| Barracks | 1 | |
87 total
» build order
00:08 Altar of Storms
00:13 Orc Burrow
00:42 War Mill
01:51 Orc Burrow
02:03 Watch Tower
02:23 Watch Tower
03:15 Watch Tower
03:50 Watch Tower
04:04 Stronghold
04:22 Voodoo Lounge
04:52 Watch Tower
05:15 Orc Burrow
05:16 Orc Burrow
05:35 Watch Tower
05:59 Watch Tower
06:03 Watch Tower
06:38 Fortress
06:42 Beastiary
06:46 Beastiary
07:02 Watch Tower
07:50 Watch Tower
09:11 Voodoo Lounge
18:31 Guard Tower
19:50 Orc Burrow
19:58 Orc Burrow
20:07 War Mill
20:12 Orc Burrow
21:51 Watch Tower
21:53 Watch Tower
21:55 Watch Tower
23:01 Watch Tower
23:02 Watch Tower
23:04 Watch Tower
23:26 Great Hall
23:41 Watch Tower
23:45 Watch Tower
23:46 Watch Tower
23:47 Watch Tower
24:23 Watch Tower
24:46 Watch Tower
24:48 Watch Tower
25:31 Beastiary
25:36 Beastiary
25:45 Watch Tower
25:46 Watch Tower
25:48 Watch Tower
26:12 Watch Tower
26:14 Watch Tower
26:14 Watch Tower
26:15 Watch Tower
29:07 Barracks
32:23 Altar of Storms
37:24 Great Hall
37:25 Watch Tower
37:26 Watch Tower
37:27 Watch Tower
37:28 Watch Tower
37:29 Watch Tower
37:30 Guard Tower
37:36 Guard Tower
38:33 Watch Tower
38:36 Watch Tower
38:37 Watch Tower
38:38 Watch Tower
38:38 Watch Tower
39:09 Beastiary
39:28 Beastiary
39:29 Beastiary
40:04 Orc Burrow
40:05 Orc Burrow
40:06 Orc Burrow
40:08 Orc Burrow
42:42 Voodoo Lounge
45:34 Orc Burrow
45:35 Orc Burrow
45:36 Orc Burrow
45:38 Orc Burrow
45:40 Orc Burrow
62:23 Great Hall
65:56 Stronghold
68:57 Beastiary
68:59 Beastiary
75:57 Beastiary
79:19 Orc Burrow
79:21 Orc Burrow
79:23 Orc Burrow
79:25 Orc Burrow
» items
| Boots of Speed | 1 | |
| Staff of Teleportation | 1 | |
| Lesser Clarity Potion | 4 | |
| Healing Salve | 2 | |
| Orb of Lightning | 1 | |
9 total
kunt.roII (
orange | 94 APM | 7651 actions | 81:32)
7 Archmage
3 Blizzard
3 Brilliance Aura
1 Mass Teleport
7 Mountain King
3 Storm Bolt
3 Bash
1 Avatar
5 Paladin
3 Holy Light
2 Divine Shield
3 Blood Mage
2 Banish
1 Flame Strike
» actions
| Assign group hotkey | 18 | |
| Basic commands | 108 | |
| Build / train | 255 | |
| ESC pressed | 5 | |
| Enter build submenu | 119 | |
| Enter hero's abilities submenu | 27 | |
| Give item / drop item | 22 | |
| Remove unit from queue | 4 | |
| Right click | 3007 | |
| Select / deselect | 1315 | |
| Select group hotkey | 1943 | |
| Use ability | 824 | |
7651 total
» units
| Peasant | 19 | |
| Priest | 4 | |
| Sorceress | 4 | |
| Dragonhawk Rider | 19 | |
46 total
» upgrades
| Masonry | 4 | |
| Magic Sentry | 2 | |
| Sorceress Training | 1 | |
| Priest Training | 2 | |
| Lumber Harvesting | 1 | |
| Armor | 2 | |
| Swords | 2 | |
| Cloud | 1 | |
| Animal War Training | 1 | |
16 total
» buildings
| Altar of Kings | 6 | |
| Farm | 38 | |
| Lumber Mill | 3 | |
| Scout Tower | 271 | |
| Arcane Tower | 6 | |
| Guard Tower | 96 | |
| Keep | 2 | |
| Town Hall | 4 | |
| Arcane Sanctum | 1 | |
| Castle | 4 | |
| Barracks | 2 | |
| Blacksmith | 1 | |
| Arcane Vault | 2 | |
| Workshop | 1 | |
437 total
» build order
00:10 Altar of Kings
00:22 Farm
00:47 Farm
00:56 Lumber Mill
01:08 Scout Tower
01:34 Arcane Tower
01:35 Arcane Tower
01:51 Scout Tower
02:10 Scout Tower
02:28 Guard Tower
02:30 Guard Tower
02:49 Guard Tower
02:50 Scout Tower
02:52 Scout Tower
02:53 Scout Tower
03:07 Farm
03:14 Scout Tower
03:16 Scout Tower
03:43 Keep
04:31 Guard Tower
04:33 Scout Tower
04:37 Scout Tower
04:39 Scout Tower
04:40 Scout Tower
04:43 Scout Tower
05:09 Farm
05:10 Farm
05:11 Guard Tower
05:34 Guard Tower
05:34 Guard Tower
05:55 Scout Tower
05:55 Scout Tower
05:56 Scout Tower
05:57 Scout Tower
05:58 Scout Tower
05:59 Scout Tower
06:29 Town Hall
07:06 Guard Tower
07:47 Guard Tower
08:03 Arcane Sanctum
08:12 Guard Tower
08:49 Castle
08:49 Castle
08:50 Castle
09:01 Arcane Tower
09:28 Guard Tower
09:29 Guard Tower
09:34 Scout Tower
09:46 Scout Tower
09:46 Scout Tower
09:47 Scout Tower
09:48 Scout Tower
09:49 Scout Tower
09:49 Scout Tower
09:49 Scout Tower
09:50 Scout Tower
09:50 Scout Tower
10:10 Scout Tower
10:10 Scout Tower
10:11 Scout Tower
10:11 Scout Tower
11:18 Guard Tower
11:18 Guard Tower
12:06 Guard Tower
12:07 Guard Tower
12:13 Scout Tower
12:58 Scout Tower
12:59 Scout Tower
12:59 Scout Tower
12:59 Scout Tower
13:33 Arcane Tower
14:35 Farm
14:35 Farm
14:36 Farm
14:36 Farm
14:36 Farm
14:40 Farm
14:41 Farm
14:41 Farm
14:48 Guard Tower
14:48 Guard Tower
14:52 Scout Tower
14:54 Scout Tower
14:54 Scout Tower
15:35 Guard Tower
15:50 Farm
15:51 Farm
18:14 Guard Tower
18:14 Guard Tower
18:18 Guard Tower
18:19 Guard Tower
18:25 Barracks
18:26 Blacksmith
19:54 Scout Tower
19:54 Scout Tower
19:55 Scout Tower
19:56 Scout Tower
19:56 Scout Tower
19:57 Scout Tower
19:57 Scout Tower
19:58 Scout Tower
19:59 Scout Tower
19:59 Scout Tower
20:00 Scout Tower
20:01 Scout Tower
20:02 Scout Tower
20:03 Scout Tower
20:03 Scout Tower
20:06 Scout Tower
20:07 Scout Tower
20:07 Scout Tower
20:08 Scout Tower
20:08 Scout Tower
20:09 Scout Tower
20:09 Scout Tower
20:10 Scout Tower
20:32 Guard Tower
20:32 Guard Tower
20:58 Guard Tower
20:58 Guard Tower
21:07 Scout Tower
21:08 Scout Tower
21:09 Scout Tower
21:09 Scout Tower
21:09 Scout Tower
21:10 Scout Tower
21:11 Scout Tower
21:11 Scout Tower
21:12 Scout Tower
21:13 Scout Tower
21:16 Scout Tower
21:16 Scout Tower
21:17 Scout Tower
21:17 Scout Tower
21:18 Scout Tower
21:19 Scout Tower
21:19 Scout Tower
21:43 Arcane Vault
21:46 Arcane Vault
22:36 Guard Tower
24:36 Guard Tower
24:37 Scout Tower
24:37 Scout Tower
25:56 Barracks
25:59 Scout Tower
26:00 Scout Tower
26:00 Scout Tower
28:14 Guard Tower
28:14 Guard Tower
29:25 Scout Tower
29:26 Scout Tower
29:26 Scout Tower
29:27 Scout Tower
33:05 Workshop
33:09 Scout Tower
33:09 Scout Tower
33:10 Scout Tower
33:10 Scout Tower
33:10 Scout Tower
33:11 Scout Tower
33:11 Scout Tower
33:11 Scout Tower
33:12 Scout Tower
33:12 Scout Tower
33:13 Scout Tower
33:13 Scout Tower
33:14 Scout Tower
33:14 Scout Tower
33:14 Scout Tower
33:15 Scout Tower
33:15 Scout Tower
33:16 Scout Tower
33:16 Scout Tower
33:16 Scout Tower
33:16 Scout Tower
33:17 Scout Tower
33:17 Scout Tower
33:18 Scout Tower
33:19 Scout Tower
33:19 Scout Tower
33:22 Scout Tower
33:22 Scout Tower
33:23 Scout Tower
33:24 Scout Tower
33:24 Scout Tower
33:25 Scout Tower
33:26 Scout Tower
33:26 Scout Tower
33:28 Scout Tower
33:28 Scout Tower
33:29 Scout Tower
34:32 Guard Tower
34:33 Guard Tower
34:46 Guard Tower
34:49 Guard Tower
34:49 Guard Tower
34:53 Scout Tower
34:54 Scout Tower
34:54 Scout Tower
34:55 Scout Tower
34:56 Scout Tower
34:56 Scout Tower
34:57 Scout Tower
34:58 Scout Tower
34:58 Scout Tower
36:26 Guard Tower
36:26 Guard Tower
36:28 Guard Tower
36:28 Guard Tower
37:47 Scout Tower
37:48 Scout Tower
37:48 Scout Tower
37:49 Scout Tower
37:49 Scout Tower
37:50 Scout Tower
37:51 Scout Tower
37:52 Scout Tower
37:52 Scout Tower
37:55 Scout Tower
37:55 Scout Tower
37:56 Scout Tower
37:57 Scout Tower
37:58 Scout Tower
37:59 Scout Tower
38:01 Scout Tower
38:02 Scout Tower
38:03 Scout Tower
38:07 Scout Tower
38:07 Scout Tower
38:09 Scout Tower
38:11 Scout Tower
38:13 Scout Tower
38:14 Scout Tower
38:15 Scout Tower
38:16 Scout Tower
38:16 Scout Tower
38:17 Scout Tower
38:17 Scout Tower
38:18 Scout Tower
38:19 Scout Tower
38:19 Scout Tower
38:20 Scout Tower
38:21 Scout Tower
38:22 Scout Tower
38:23 Scout Tower
38:25 Scout Tower
38:26 Scout Tower
38:28 Scout Tower
38:28 Scout Tower
38:29 Scout Tower
38:30 Scout Tower
38:30 Scout Tower
38:31 Scout Tower
38:32 Scout Tower
38:33 Scout Tower
38:34 Scout Tower
39:08 Guard Tower
39:08 Guard Tower
39:12 Guard Tower
39:12 Guard Tower
39:14 Guard Tower
39:14 Guard Tower
41:02 Guard Tower
41:02 Guard Tower
41:03 Guard Tower
41:29 Guard Tower
41:29 Guard Tower
41:32 Guard Tower
41:32 Guard Tower
42:10 Altar of Kings
42:10 Farm
42:11 Farm
42:11 Farm
42:11 Farm
43:39 Altar of Kings
45:49 Town Hall
47:01 Lumber Mill
49:12 Scout Tower
49:13 Scout Tower
49:14 Scout Tower
49:14 Scout Tower
49:15 Scout Tower
49:15 Scout Tower
49:16 Scout Tower
49:16 Scout Tower
49:17 Scout Tower
49:18 Scout Tower
49:18 Scout Tower
49:19 Scout Tower
49:19 Scout Tower
49:20 Scout Tower
49:21 Scout Tower
49:22 Scout Tower
49:22 Scout Tower
49:22 Scout Tower
49:24 Scout Tower
49:25 Scout Tower
49:25 Scout Tower
49:47 Town Hall
50:43 Guard Tower
50:43 Guard Tower
52:32 Guard Tower
52:32 Guard Tower
54:13 Guard Tower
54:13 Guard Tower
54:48 Farm
54:48 Farm
54:49 Farm
54:50 Farm
54:50 Farm
55:23 Guard Tower
55:23 Guard Tower
59:58 Farm
59:58 Farm
59:59 Farm
60:00 Farm
60:00 Farm
60:00 Farm
60:31 Farm
60:31 Farm
60:32 Farm
60:32 Farm
67:53 Scout Tower
67:53 Scout Tower
67:55 Scout Tower
67:55 Scout Tower
67:58 Scout Tower
67:59 Scout Tower
68:00 Scout Tower
68:00 Scout Tower
68:02 Scout Tower
68:02 Scout Tower
68:03 Scout Tower
68:03 Scout Tower
68:04 Scout Tower
68:04 Scout Tower
68:05 Scout Tower
68:06 Scout Tower
68:07 Scout Tower
68:07 Scout Tower
68:08 Scout Tower
68:09 Scout Tower
68:10 Scout Tower
68:11 Scout Tower
68:12 Scout Tower
69:11 Lumber Mill
69:48 Guard Tower
69:48 Guard Tower
69:49 Guard Tower
69:50 Guard Tower
69:51 Scout Tower
69:52 Scout Tower
69:52 Scout Tower
69:52 Scout Tower
70:29 Guard Tower
70:31 Town Hall
71:25 Scout Tower
71:26 Scout Tower
71:26 Scout Tower
71:27 Scout Tower
71:27 Scout Tower
71:27 Scout Tower
71:30 Scout Tower
71:30 Scout Tower
71:30 Scout Tower
71:31 Scout Tower
71:52 Scout Tower
71:53 Scout Tower
71:53 Scout Tower
71:54 Scout Tower
71:55 Scout Tower
71:55 Scout Tower
75:33 Guard Tower
75:33 Guard Tower
75:51 Guard Tower
75:51 Guard Tower
76:03 Altar of Kings
78:42 Scout Tower
78:42 Scout Tower
78:43 Scout Tower
78:44 Scout Tower
78:45 Scout Tower
79:00 Scout Tower
79:13 Farm
79:14 Farm
79:16 Altar of Kings
79:27 Altar of Kings
79:40 Scout Tower
79:44 Guard Tower
» items
| Healing Salve | 1 | |
| Boots of Speed | 5 | |
| Staff of Teleportation | 5 | |
| Circlet of Nobility | 4 | |
| Lesser Clarity Potion | 1 | |
| Scroll of Speed | 1 | |
| Periapt of Vitality | 4 | |
| Orb of Lightning | 6 | |
| Staff of Sanctuary | 10 | |
| Orb of Fire | 1 | |
38 total
sir_tweak (
yellow | 59 APM | 731 actions | 12:20)
2 Archmage
1 Blizzard
1 Brilliance Aura
1 Blood Mage
1 Flame Strike
» actions
| Assign group hotkey | 2 | |
| Build / train | 45 | |
| Enter build submenu | 34 | |
| Enter hero's abilities submenu | 3 | |
| Remove unit from queue | 2 | |
| Right click | 370 | |
| Select / deselect | 145 | |
| Select group hotkey | 72 | |
| Use ability | 58 | |
731 total
» units
| Peasant | 11 | |
| Sorceress | 1 | |
| Priest | 2 | |
14 total
» upgrades
| Masonry | 2 | |
| Lumber Harvesting | 1 | |
| Sorceress Training | 1 | |
4 total
» buildings
| Altar of Kings | 1 | |
| Farm | 3 | |
| Lumber Mill | 1 | |
| Scout Tower | 25 | |
| Guard Tower | 15 | |
| Keep | 1 | |
| Arcane Sanctum | 1 | |
| Castle | 1 | |
| Gryphon Aviary | 1 | |
| Arcane Vault | 1 | |
50 total
» build order
00:05 Altar of Kings
00:07 Farm
00:52 Lumber Mill
00:55 Farm
01:36 Farm
01:52 Scout Tower
01:58 Scout Tower
02:13 Scout Tower
02:21 Scout Tower
02:36 Guard Tower
02:40 Guard Tower
02:48 Scout Tower
02:51 Scout Tower
02:55 Guard Tower
03:18 Guard Tower
03:20 Guard Tower
03:48 Guard Tower
04:16 Scout Tower
04:18 Scout Tower
04:45 Keep
04:48 Guard Tower
04:51 Scout Tower
04:52 Scout Tower
05:05 Guard Tower
05:21 Guard Tower
06:33 Guard Tower
06:37 Scout Tower
07:01 Scout Tower
07:06 Scout Tower
07:08 Scout Tower
07:19 Guard Tower
07:23 Scout Tower
07:25 Scout Tower
07:53 Guard Tower
07:55 Guard Tower
08:39 Arcane Sanctum
08:52 Guard Tower
09:01 Guard Tower
09:27 Castle
09:39 Gryphon Aviary
10:36 Arcane Vault
11:29 Scout Tower
11:31 Scout Tower
11:33 Scout Tower
11:34 Scout Tower
11:39 Scout Tower
11:40 Scout Tower
11:42 Scout Tower
11:42 Scout Tower
11:43 Scout Tower
» items
| Boots of Speed | 1 | |
| Staff of Teleportation | 1 | |
| Potion of Healing | 1 | |
3 total
Chat log
(00:18 / Allies) kunt.roII: noop party on top
(00:21 / Allies) sir_tweak: tower chokes right
(00:23 / Allies) kunt.roII: yes
(00:27 / Allies) kunt.roII: send a guy n ow hus'
(00:36 / Allies) sir_tweak: ROFLMAO oh JESUS
(00:39 / Allies) sir_tweak: that was hilarious
(00:44 / Allies) GobinersAlt: thx
(01:03 / Allies) kunt.roII: yes.
(01:04 / Allies) bia-bia-bia: ye
(01:07 / Allies) bia-bia-bia: send
(01:09 / Allies) sir_tweak: does gob know?!??!?!?!?
(01:13 / Allies) kunt.roII: u apparently dont
(01:27 / Allies) sir_tweak: w/e
(01:28 / Allies) bia-bia-bia: cumming bebe
(01:48 / Allies) kunt.roII: scxouted
(01:58 / All) kunt.roII: plz stop hacknig..
(02:14 / All) Merlandox: LOL?
(02:30 / Allies) kunt.roII: no
(02:30 / Allies) sir_tweak: any excess lumbar?
(02:32 / Allies) kunt.roII: that far enough south
(02:36 / Allies) kunt.roII: oknow it is
(02:38 / Allies) kunt.roII: creep
(03:11 / Allies) GobinersAlt: fiends
(04:13 / All) kunt.roII: lmao
(04:39 / All) Merlandox: lmao
(04:39 / Allies) sir_tweak: well
(06:19 / Allies) bia-bia-bia: get t2 and aoe
(06:21 / Allies) bia-bia-bia: and staffs
(06:24 / Allies) bia-bia-bia: dont forget all that shit
(06:51 / Allies) kunt.roII: im not a nub u nub
(07:13 / Allies) bia-bia-bia: get those
(08:20 / Allies) GobinersAlt: welp
(08:23 / Allies) GobinersAlt: these guys have siege
(08:30 / Allies) kunt.roII: ur a lvl 1 noob
(08:31 / Allies) bia-bia-bia: get t2 and get hawks
(08:43 / Allies) bia-bia-bia: creep andg et your bm to 3
(09:15 / Allies) sir_tweak: lumbar?
(09:25 / Allies) sir_tweak: ty
(09:26 / Allies) bia-bia-bia: get more peons you dumb noob
(09:47 / Allies) bia-bia-bia: get that
(09:53 / Allies) bia-bia-bia: right now
(10:04 / Allies) kunt.roII: are u talkin 2 me
(10:12 / Allies) bia-bia-bia: all of you noobs
(10:17 / Allies) kunt.roII: look
(10:20 / Allies) kunt.roII: i got bigger fish 2 fry
(10:26 / Allies) bia-bia-bia: aoe
(10:27 / Allies) bia-bia-bia: send now
(10:28 / Allies) kunt.roII: omw
(11:33 / Allies) GobinersAlt: need dispel
(11:38 / Allies) kunt.roII: yeah im workin on it nub
(11:40 / Allies) bia-bia-bia: get a goddamn drow
(12:20 / Allies) bia-bia-bia: great
(12:25 / Allies) GobinersAlt: awesome
(13:05 / Allies) kunt.roII: i got his heros lmao
(13:14 / Allies) bia-bia-bia: lumber me
(14:13 / Allies) kunt.roII: can u make like 3 orc shops so i can buy tons of items for my 5 heroes ^_^
(14:20 / Allies) GobinersAlt: I made 2
(15:00 / Allies) kunt.roII: ill try to have tweak get a dr if i can
(15:09 / Allies) bia-bia-bia: ill distract with my bm
(15:11 / Allies) bia-bia-bia: hit his main
(15:25 / Allies) GobinersAlt: wow
(15:32 / Allies) bia-bia-bia: ok
(15:33 / Allies) bia-bia-bia: dont nigger
(15:41 / Allies) bia-bia-bia: welcome to being worthless
(15:55 / Allies) GobinersAlt: tauren
(15:57 / Allies) GobinersAlt: and towers
(15:58 / Allies) GobinersAlt: in green
(16:47 / Allies) kunt.roII: daMN HE CANT GET A DR
(16:50 / Allies) kunt.roII: caps lol.
(16:59 / Allies) GobinersAlt: too gay
(17:00 / Allies) kunt.roII: he can get an mk tho
(17:21 / Allies) GobinersAlt: towers in purps base too
(17:25 / Allies) GobinersAlt: ugh
(17:31 / Allies) GobinersAlt: bat proof without cloud
(18:51 / Allies) bia-bia-bia: heh
(19:27 / Allies) GobinersAlt: owned
(19:29 / Allies) GobinersAlt: pretty much
(19:31 / Allies) kunt.roII: tower al the way up and down lmao
(19:59 / Allies) bia-bia-bia: lumber me
(20:13 / Allies) bia-bia-bia: now
(20:14 / Allies) bia-bia-bia: please
(20:16 / Allies) kunt.roII: get a shredder nub
(20:20 / Allies) bia-bia-bia: i have one
(20:24 / Allies) kunt.roII: i cant fucking tower if im feeding u
(20:32 / Allies) bia-bia-bia: i have to defend the perches
(20:44 / Allies) bia-bia-bia: im building shitloads
(21:47 / Allies) bia-bia-bia: hi
(21:51 / Allies) bia-bia-bia: help wiht heros you dumb noobs
(22:23 / Allies) kunt.roII: expo gob
(22:48 / Allies) GobinersAlt: mgs
(22:53 / Allies) GobinersAlt: and sight towers
(23:28 / Allies) GobinersAlt: I need lumber
(23:31 / Allies) kunt.roII: durr
(24:24 / All) kunt.roII: lmao.
(24:32 / All) GobinersAlt: thanks for the cows
(24:35 / Allies) GobinersAlt: I need more lumber
(24:50 / Allies) GobinersAlt: thx
(24:59 / Allies) GobinersAlt: kill that smartcow?
(25:17 / Allies) kunt.roII: bah
(25:18 / Allies) kunt.roII: didnt see we.
(26:06 / Allies) kunt.roII: im at like 200 apm just trying to buy shit!!!!
(26:36 / Allies) GobinersAlt: someone help me creep our red?
(26:56 / Allies) kunt.roII: k go
(27:32 / Allies) kunt.roII: urs
(27:51 / Allies) kunt.roII: k
(28:01 / All) kunt.roII: lol im done buying items lmao
(29:11 / Allies) kunt.roII: can i keep all this shit alive?
(29:22 / Allies) GobinersAlt: probably won't matter
(29:52 / Allies) kunt.roII: i like how bias the only one playing
(30:02 / Allies) bia-bia-bia: i hate you l
(30:48 / Allies) bia-bia-bia: haha
(31:50 / Allies) kunt.roII: why the fuck were they all the way down there
(32:08 / All) bia-bia-bia: you guys are so bad
(32:24 / Allies) kunt.roII: oh no wonder
(32:26 / Allies) kunt.roII: u faggots on top
(32:30 / Allies) kunt.roII: made it so heroes cant get in and out
(32:33 / Allies) bia-bia-bia: yeah
(32:35 / Allies) kunt.roII: jhhurrrr
(32:41 / Allies) bia-bia-bia: proz
(32:44 / Allies) kunt.roII: i was wondering why my guys cept running around
(32:50 / Allies) kunt.roII: inf ront of that huge fucking army
(32:54 / Allies) bia-bia-bia: haha
(33:35 / Allies) GobinersAlt: thats some towers
(33:43 / Allies) kunt.roII: meh
(34:24 / All) bia-bia-bia: loss bot lol
(35:32 / Allies) GobinersAlt: gg
(35:45 / Allies) kunt.roII: welp
(35:50 / Allies) kunt.roII: shouldnt be trying for 6 heroes lmao
(36:14 / Allies) GobinersAlt: ugh
(36:18 / Allies) GobinersAlt: we never took this
(36:19 / Allies) kunt.roII: its not over they dont have the cash
(36:23 / Allies) kunt.roII: whos fault is that nub
(36:30 / Allies) bia-bia-bia: i dont have any cash either
(36:31 / Allies) GobinersAlt: tweaks
(36:35 / All) kunt.roII: lol
(36:39 / All) kunt.roII: damn u got us.
(36:45 / All) Merlandox: oops
(36:53 / Allies) kunt.roII: feed tweak some gold imma make a MASSSIVE tower block
(37:10 / Allies) kunt.roII: plz bia give him liek 4k gold
(37:16 / Allies) bia-bia-bia: ye
(39:43 / Allies) kunt.roII: nice haha
(40:08 / Allies) bia-bia-bia: datz rite bebe
(40:33 / All) bia-bia-bia: terrible
(40:42 / All) Merlandox: u mean u r terrible?
(40:57 / Allies) GobinersAlt: can we make more towers here?
(41:32 / All) bia-bia-bia: yes, thats exactly what I meant.
(42:13 / Allies) bia-bia-bia: haha
(42:50 / All) bia-bia-bia: terrible
(45:22 / All) kunt.roII: pro\
(46:13 / Allies) bia-bia-bia: 3k out of there so far
(46:16 / Allies) kunt.roII: haha
(46:17 / Allies) GobinersAlt: pro as fukl
(46:23 / Allies) GobinersAlt: bia help me take this expo out?
(46:27 / Allies) bia-bia-bia: wh
(46:29 / Allies) bia-bia-bia: ok
(46:34 / Allies) GobinersAlt: they have wards
(46:37 / Allies) bia-bia-bia: so what
(46:41 / Allies) GobinersAlt: just fyi
(46:50 / Allies) bia-bia-bia: i gotta buy a tp first
(47:42 / Allies) GobinersAlt: u ded
(48:12 / Allies) bia-bia-bia: haha
(48:44 / Allies) kunt.roII: the ud is coming
(49:09 / Allies) GobinersAlt: hahahaha
(49:12 / Allies) GobinersAlt: forced the ud to tp
(49:16 / All) bia-bia-bia: haha
(49:18 / Allies) GobinersAlt: thanks tweak
(50:14 / Allies) bia-bia-bia: haha
(50:41 / Allies) kunt.roII: ud
(51:14 / Allies) kunt.roII: fight
(51:14 / Allies) kunt.roII: the NE
(51:16 / Allies) kunt.roII: ud is on other side
(51:24 / Allies) GobinersAlt: aww
(51:46 / Allies) bia-bia-bia: who need what
(51:53 / Allies) bia-bia-bia: say in chat
(51:56 / Allies) GobinersAlt: gold
(52:35 / Allies) GobinersAlt: ?
(52:39 / Allies) kunt.roII: taunt
(52:40 / Allies) kunt.roII: mangled me
(52:59 / Allies) kunt.roII: give tweak gold
(53:49 / Allies) kunt.roII: again
(54:24 / Allies) kunt.roII: can uj give me and tweak like 2k each
(54:27 / Allies) kunt.roII: tia
(55:11 / Allies) kunt.roII: did anyone see that
(55:16 / Allies) kunt.roII: the dragon missed the bat 3 times in a row
(55:34 / Allies) GobinersAlt: get peons goin
(56:15 / Allies) bia-bia-bia: haha
(56:58 / Allies) kunt.roII: if those wyrms
(57:01 / Allies) kunt.roII: do u have enough to bat them all
(57:07 / Allies) kunt.roII: we could rape his heroes so fast
(57:10 / Allies) bia-bia-bia: i need to make them
(57:53 / Allies) bia-bia-bia: incoming
(58:25 / All) kunt.roII: gg.
(60:23 / Allies) kunt.roII: bat that
(60:23 / Allies) kunt.roII: haha
(60:26 / Allies) bia-bia-bia: ye
(61:17 / All) Merlandox: oops
(61:17 / Allies) GobinersAlt: wow
(61:18 / Allies) GobinersAlt: hawks
(61:19 / Allies) GobinersAlt: owned
(61:28 / All) LOSS_BOT3: oops
(61:31 / Allies) GobinersAlt: they got like 70 food of gyros
(61:36 / Allies) kunt.roII: yes
(61:38 / Allies) kunt.roII: takesl ike 4 bats
(61:46 / Allies) bia-bia-bia: where are the gyros
(61:52 / Allies) GobinersAlt: they were right here
(61:57 / Allies) bia-bia-bia: ok
(62:00 / Allies) kunt.roII: we need to make a fort someone
(62:07 / Allies) kunt.roII: bia mass towers on their side or something
(66:00 / Allies) bia-bia-bia: haha
(66:41 / Allies) bia-bia-bia: make a fort there
(66:42 / Allies) kunt.roII: thats going to suck when they all hit 6
(66:45 / Allies) bia-bia-bia: where that mine used ot be
(66:51 / Allies) bia-bia-bia: ye
(67:00 / Allies) kunt.roII: k uh
(67:03 / Allies) kunt.roII: gimme money for it
(67:49 / Allies) GobinersAlt: ud is so gay
(68:37 / Allies) bia-bia-bia: heh
(69:03 / Allies) kunt.roII: owls are so annoying
(69:35 / Allies) kunt.roII: lmao
(69:37 / Allies) kunt.roII: they are s od u
(69:44 / Allies) GobinersAlt: ?
(69:55 / Allies) kunt.roII: kill mhimnan\
(70:00 / Allies) kunt.roII: dumb keyboard
(70:02 / Allies) kunt.roII: kil human
(70:05 / Allies) kunt.roII: so if we get his fucking heroes
(70:07 / Allies) kunt.roII: he cant revives
(70:10 / Allies) bia-bia-bia: yeah
(70:18 / Allies) bia-bia-bia: i'll spin the towers
(70:22 / Allies) GobinersAlt: same
(70:58 / All) Merlandox: fuck man, this game just wasted like 3 hrs of my time
(71:05 / All) bia-bia-bia: and you still lose
(71:32 / All) GobinersAlt: nah man its cool
(71:37 / All) GobinersAlt: this is what warcraft is all about
(71:41 / All) LOSS_BOT3: gaycraft
(71:57 / All) bia-bia-bia: LOSS_BOT
(72:37 / Allies) kunt.roII: wow
(72:39 / Allies) kunt.roII: WHAT THE FUCK
(72:47 / Allies) kunt.roII: why is it pathing all the way around
(72:59 / Allies) kunt.roII: fuck u blizzard
(73:51 / Allies) kunt.roII: god thats dumb
(74:20 / Allies) GobinersAlt: lumber plz
(74:22 / All) bia-bia-bia: haha
(74:42 / Allies) bia-bia-bia: oops
(75:22 / Allies) GobinersAlt: kunt
(75:24 / Allies) GobinersAlt: priests
(75:36 / Allies) GobinersAlt: also
(75:37 / Allies) GobinersAlt: what
(76:03 / All) bia-bia-bia: owned so hard
(76:39 / All) bia-bia-bia: so much money
(76:55 / Allies) bia-bia-bia: get the ud
(77:36 / All) bia-bia-bia: do you got 1k to revive at tavern?
(77:38 / All) bia-bia-bia: I wonder
(78:05 / All) Merlandox: srsly
(78:07 / All) Merlandox: i believ ei do
(78:16 / All) bia-bia-bia: if you dont
(78:21 / All) bia-bia-bia: you can always unsummon :]
(78:37 / All) kunt.roII: sup
(78:44 / Allies) GobinersAlt: bia chill at tavern if he tries to revive?
(78:52 / Allies) bia-bia-bia: haha
(78:56 / Allies) kunt.roII: ill make a farm there
(79:13 / Allies) GobinersAlt: fuck tweaks hero
(79:13 / Allies) GobinersAlt: gg
(79:56 / Allies) bia-bia-bia: get the towers on the mains
(80:00 / All) Merlandox: rofl
(80:03 / All) kunt.roII: lmao
(80:06 / All) kunt.roII: nj
(80:06 / All) GobinersAlt: omg
(80:20 / All) kunt.roII: thanks for the 3 levels
(80:25 / Allies) bia-bia-bia: keep nuking the towers so i can get them with bats
(81:02 / Allies) GobinersAlt: tt
(81:25 / All) LOSS_BOT3: gg
(81:26 / Allies) GobinersAlt: do they have any armies?
(81:27 / All) GobinersAlt: gg
(81:28 / All) kunt.roII: GG NUBS
(81:28 / All) bia-bia-bia: get out